Map: Galactic Process LE

Players

ndys - Winner!

  • Race: Zerg Zerg
  • League: Diamond

smokem

  • Race: Protoss Protoss

VOD

Have the link to the VOD?

Description

Time

  • Played on: Oct. 18, 2016, 9:56 p.m.
  • Length: 18:16
Show
View Real Time Build Order
Export as new Build Order

ndys Zerg - Winner!

Build Orders: Hatch First 

Get SALT Encoding   

  12  0:01  Drone  
  13  0:09  Drone  
  14  0:19  Overlord  
  14  0:44  Unknown, Drone, Hatchery  
  14  0:49  Drone  
  15  0:53  Drone  
  16  0:57  Drone  
  16  1:00  Extractor  
  16  1:07  Drone  
  17  1:18  Spawning Pool  
  17  1:21  Drone  
  17  1:28  Drone  
  18  1:39  Drone  
  19  1:50  Overlord  
  19  1:55  Unknown  
  19  2:05  Queen x2  
  19  2:08  Metabolic Boost  
  23  2:15  Zergling x2  
  24  2:16  Zergling x2  
  25  2:27  Drone x2  
  25  2:28  Drone  
  28  2:30  Drone  
  28  2:33  Drone  
  30  2:41  Pneumatized Carapace  
  30  2:50  Overlord  
  30  2:53  Drone x2  
  32  3:08  Drone  
  32  3:09  Drone x2  
  32  3:11  Drone x2  
  37  3:17  Roach Warren  
  36  3:31  Zergling x10  
  40  3:49  Unknown, Hatchery  
  39  3:59  Drone x5  
  44  4:03  Extractor  
  44  4:04  Extractor, Lair  
  44  4:06  Evolution Chamber x2  
  44  4:09  Overlord  
  40  4:20  Overlord  
  40  4:21  Drone x3  
  43  4:24  Drone  
  43  4:25  Extractor  
  43  4:26  Drone  
  44  4:35  Drone  
  44  4:36  Drone  
  46  4:42  Zerg Ground Armor Level 1, Zerg Melee Weapons Level 1  
  46  4:48  Drone x2  
  46  4:49  Drone  
  46  4:50  Drone  
  46  4:51  Drone  
  51  4:57  Drone x2  
  53  5:01  Unknown  
  53  5:02  Drone x3  
  56  5:19  Queen  
  58  5:21  Overlord x2  
  58  5:25  Roach  
  58  5:26  Roach x2  
  58  5:28  Roach  
  65  5:32  Overlord  
  65  5:36  Zergling x2  
  65  5:40  Zergling x10  
  71  5:47  Zergling x4  
  73  5:51  Roach x3  
  73  6:07  Roach x5  
  73  6:08  Roach x2  
  81  6:17  Roach x4  
  83  6:39  Queen  
  83  6:45  Queen  
  83  6:48  Drone x7  
  83  6:50  Overlord x2  
  83  6:53  Zerg Missile Weapons Level 1  
  79  7:25  Drone  
  79  7:28  Spire  
  79  7:29  Overlord x3  
  77  7:30  Extractor x2  
  77  7:31  Drone x4  
  77  7:32  Queen x2, Drone  
  70  7:52  Roach  
  70  7:53  Roach x5  
  70  7:58  Spine Crawler x2  
  78  8:01  Spine Crawler  
  67  8:11  Roach x2  
  67  8:12  Roach x4  
  73  8:18  Drone  
  73  8:19  Drone  
  64  8:36  Drone x4  
  64  8:37  Drone x2  
  68  8:47  Queen  
  62  8:57  Drone x2  
  64  9:05  Drone x2  
  66  9:13  Drone x2  
  68  9:19  Drone x2  
  69  9:29  Drone x4  
  63  9:42  Glial Reconstitution  
  63  9:44  Drone x2  
  65  9:49  Drone  
  66  10:00  Drone x3  
  66  10:01  Drone x2  
  71  10:12  Drone x4  
  73  10:38  Mutalisk x6  
  85  10:45  Drone x3  
  88  10:53  Drone  
  88  10:54  Drone x2  
  88  10:56  Drone x2  
  93  10:59  Queen  
  95  11:07  Mutalisk  
  95  11:08  Mutalisk  
  95  11:10  Mutalisk  
  101  11:14  Drone x2  
  101  11:16  Drone  
  104  11:20  Drone x3  
  107  11:31  Mutalisk  
  107  11:32  Mutalisk x2  
  113  11:34  Drone  
  113  11:37  Drone  
  115  11:43  Mutalisk x3  
  115  11:46  Mutalisk  
  121  11:51  Mutalisk  
  121  11:53  Mutalisk  
  127  11:56  Mutalisk  
  127  12:00  Overlord  
  129  12:05  Overlord  
  129  12:14  Overlord  
  129  12:29  Mutalisk x5  
  131  12:30  Mutalisk x2  
  143  12:37  Mutalisk x2  
  138  12:53  Mutalisk x3  
  138  12:57  Mutalisk  
  145  13:07  Mutalisk  
  145  13:26  Roach x7  
  145  13:27  Roach x4  
  153  13:31  Mutalisk x2  
  139  13:41  Zerg Flyer Weapons Level 1  
  131  13:55  Mutalisk x2  
  131  13:59  Unknown, Hatchery  
  131  14:01  Mutalisk  
  136  14:10  Mutalisk x2  
  140  14:21  Drone x6  
  140  14:22  Drone x3  
  149  14:25  Zerg Missile Weapons Level 2  
  149  14:34  Drone x4  
  153  14:51  Overlord x5  
  153  14:59  Infestation Pit, Drone  
  153  15:01  Drone  
  154  15:11  Unknown  
  152  15:28  Mutalisk x10  
  168  15:45  Extractor  
  168  15:46  Extractor, Zergling x4  
  168  15:47  Zergling x20  
  178  15:53  Zerg Ground Armor Level 2  
  178  15:58  Drone x4  
  178  16:02  Spine Crawler  
  180  16:26  Zergling x2  
  180  16:27  Zergling x20  
  180  16:30  Queen  
  186  16:37  Mutalisk, Unknown, Hatchery  
  186  16:38  Mutalisk x3  
  171  16:54  Mutalisk  
  171  16:55  Mutalisk x4  
  179  17:05  Mutalisk x2  
  183  17:14  Mutalisk  
  179  17:23  Extractor  
  179  17:25  Unknown, Hatchery  
  179  17:28  Mutalisk x2  
  177  17:30  Mutalisk  
  177  17:36  Queen  
  180  17:45  Mutalisk  
  180  17:48  Unknown  
Show
View Real Time Build Order
Export as new Build Order

smokem Protoss 

Build Orders:  

Get SALT Encoding   

  12  0:01  Probe (Chrono Boost)  
  13  0:11  Probe (Chrono Boost)  
  14  0:18  Pylon  
  14  0:22  Probe (Chrono Boost)  
  15  0:36  Probe (Chrono Boost)  
  15  0:39  Gateway  
  16  0:47  Probe (Chrono Boost)  
  17  0:50  Assimilator  
  17  0:57  Probe (Chrono Boost)  
  18  1:05  Gateway  
  18  1:08  Probe (Chrono Boost)  
  19  1:15  Pylon  
  19  1:18  Probe (Chrono Boost)  
  20  1:29  Cybernetics Core  
  20  1:37  Probe (Chrono Boost)  
  21  1:48  Probe (Chrono Boost)  
  22  2:03  Nexus, Unknown  
  22  2:10  Warp Gate  
  22  2:12  Adept  
  22  2:15  Adept  
  27  2:24  Probe (Chrono Boost)  
  27  2:28  Assimilator  
  28  2:37  Probe (Chrono Boost)  
  28  2:39  Sentry  
  30  2:49  Probe (Chrono Boost)  
  31  2:59  Pylon  
  31  3:02  Probe (Chrono Boost)  
  31  3:06  Twilight Council  
  31  3:15  Probe (Chrono Boost), Unknown  
  32  3:26  Probe (Chrono Boost)  
  31  3:34  Probe (Chrono Boost), Resonating Glaives  
  33  3:36  Probe (Chrono Boost)  
  33  3:40  Gateway  
  35  3:41  Gateway  
  35  3:44  Pylon  
  35  3:45  Probe (Chrono Boost)  
  37  3:48  Probe (Chrono Boost)  
  38  3:55  Probe (Chrono Boost)  
  38  4:00  Probe (Chrono Boost)  
  39  4:06  Probe (Chrono Boost)  
  39  4:09  Gateway  
  40  4:12  Probe (Chrono Boost)  
  40  4:16  Probe (Chrono Boost), Gateway  
  42  4:20  Gateway  
  43  4:24  Probe (Chrono Boost)  
  43  4:27  Probe (Chrono Boost)  
  44  4:35  Adept x2  
  49  4:39  Probe (Chrono Boost)  
  49  4:41  Pylon  
  49  4:45  Pylon  
  49  4:46  Adept  
  49  4:47  Adept  
  49  4:49  Probe (Chrono Boost)  
  54  4:58  Adept x2  
  58  5:10  Adept x3  
  58  5:12  Adept  
  66  5:20  Probe (Chrono Boost)  
  67  5:22  Forge  
  67  5:35  Adept x3  
  67  5:36  Adept x2  
  67  5:37  Pylon  
  77  6:03  Adept x3  
  77  6:04  Adept  
  73  6:40  Adept  
  73  6:41  Adept x3  
  73  6:42  Adept  
  65  7:04  Adept x4  
  65  7:05  Adept x3  
  75  7:22  Nexus, Unknown  
  73  7:25  Pylon  
  73  7:27  Pylon  
  73  7:37  Robotics Facility  
  67  8:09  Adept x5  
  67  8:10  Adept x2  
  67  8:32  Adept x6  
  67  8:33  Adept, Unknown  
  67  8:56  Immortal  
  67  8:58  Adept x4  
  67  8:59  Adept x3  
  79  9:04  Assimilator  
  79  9:09  Probe (Chrono Boost), Assimilator  
  80  9:10  Probe x2 (Chrono Boost)  
  80  9:19  Probe (Chrono Boost)  
  80  9:22  Probe x2 (Chrono Boost)  
  83  9:26  Nexus, Unknown  
  83  9:30  Immortal  
  83  9:34  Probe (Chrono Boost)  
  78  9:49  Pylon  
  78  9:52  Pylon  
  78  9:53  Probe x2 (Chrono Boost)  
  78  9:56  Robotics Facility  
  78  10:00  Assimilator  
  78  10:04  Assimilator, Immortal  
  78  10:05  Probe x2 (Chrono Boost), Photon Cannon  
  78  10:09  Photon Cannon  
  78  10:13  Stalker  
  78  10:14  Stalker x6  
  87  10:37  Probe x2 (Chrono Boost), Unknown  
  87  10:38  Probe (Chrono Boost)  
  87  10:39  Immortal  
  87  10:40  Stalker x2  
  87  10:41  Stalker  
  93  10:48  Probe (Chrono Boost)  
  93  10:49  Probe x2 (Chrono Boost)  
  100  10:58  Stalker  
  100  10:59  Probe (Chrono Boost), Stalker  
  100  11:01  Probe x2 (Chrono Boost)  
  107  11:05  Adept x4  
  107  11:09  Probe (Chrono Boost), Assimilator  
  116  11:11  Assimilator  
  116  11:13  Probe x2 (Chrono Boost)  
  118  11:20  Probe (Chrono Boost), Immortal  
  118  11:21  Adept  
  127  11:25  Probe (Chrono Boost)  
  127  11:26  Probe (Chrono Boost), Immortal  
  127  11:31  Adept x3  
  127  11:32  Adept  
  139  11:34  Zealot  
  139  11:36  Zealot  
  144  11:41  Probe (Chrono Boost)  
  144  11:51  Protoss Ground Weapons Level 1  
  144  11:52  Adept x2  
  148  12:02  Pylon x2  
  148  12:14  Pylon  
  148  12:15  Immortal  
  148  12:17  Pylon  
  148  12:20  Immortal  
  148  12:32  Stalker  
  148  12:33  Stalker x5  
  156  12:43  Stalker  
  158  12:49  Pylon  
  152  13:07  Stalker  
  152  13:08  Stalker x5  
  152  13:09  Stalker  
  124  13:33  Stalker x4  
  124  13:34  Stalker x3  
  96  13:41  Protoss Ground Armor Level 1  
  78  13:57  Stalker x4  
  78  13:58  Blink, Stalker x3  
  82  14:16  Probe (Chrono Boost)  
  83  14:25  Gateway  
  83  14:26  Stalker x2  
  83  14:28  Gateway  
  83  14:30  Stalker x5  
  97  14:45  Gateway  
  97  14:47  Gateway  
  97  14:50  Nexus, Unknown, Gateway, Pylon  
  97  14:51  Stalker  
  99  14:53  Gateway  
  99  14:59  Stalker  
  101  15:00  Stalker  
  98  15:17  Stalker  
  98  15:18  Stalker  
  96  15:23  Stalker x3  
  94  15:32  Stalker  
  86  15:35  Protoss Shields Level 1  
  85  15:48  Stalker x7  
  98  15:57  Photon Cannon  
  98  16:04  Photon Cannon  
  98  16:08  Photon Cannon  
  98  16:11  Probe x3 (Chrono Boost)  
  100  16:20  Adept x3  
  100  16:25  Adept  
  80  16:45  Stalker  
  80  16:46  Stalker  
  76  17:04  Stalker  
  78  17:12  Probe (Chrono Boost)  
  74  17:36  Adept  
  74  17:51  Adept  
Tags
 
Add a new tag
Caveats
  • Supply blocks, unpowered buildings, or Contaminate may cause inaccurate times.
  • Supply counts are checked every 10 seconds.